 Dungeon Crawl Stone Soup version 0.19-a0-1875-g4fea3da (webtiles) character file.

5203 Amnesiac the Zephyrmancer (level 10, 0/50 HPs)
             Began as a Tengu Wizard on Oct 13, 2016.
             Was a High Priest of Sif Muna.
             Slain by a hell hound (11 damage)
             ... on level 9 of the Dungeon.
             The game lasted 00:17:27 (8564 turns).

Amnesiac the Zephyrmancer (Tengu Wizard)            Turns: 8564, Time: 00:17:27

Health: 0/50       AC:  5    Str:  7    XL:     10   Next: 60%
Magic:  37/40      EV: 12    Int: 23    God:    Sif Muna [*****.]
Gold:   478        SH:  0    Dex: 12    Spells: 5 memorised, 18 levels left

rFire  . . .     SeeInvis .     E - staff of power
rCold  . . .     Gourm    .     a - +0 robe
rNeg   . . .     Faith    .     (no shield)
rPois  .         Spirit   .     b - +0 hat
rElec  .         Dismiss  .     (no cloak)
rCorr  .         Reflect  .     h - +2 pair of gloves
MR     +....     Harm     .     (boots unavailable)
Stlth  ++........               q - amulet of magic regeneration
                                v - ring of wizardry
                                l - ring of protection from magic

@: divine energy
A: beak, talons 3, able to fly 1
a: Fly, Stop Divine Energy, Channel Magic, Forget Spell, Renounce Religion


You were on level 9 of the Dungeon.
You worshipped Sif Muna.
Sif Muna was extremely pleased with you.
You were not hungry.

You visited 2 branches of the dungeon, and saw 10 of its levels.

You collected 478 gold pieces.

Inventory:

Hand Weapons
 r - a +0 halberd
Missiles
 m - 2 throwing nets (quivered)
Armour
 a - a +0 robe (worn)
 b - a +0 hat (worn)
 h - a +2 pair of gloves (worn)
 x - the +4 ring mail of Temperance {Int+6 Dex+3, unknown}
   (You found it on level 6 of the Dungeon)

   It affects your intelligence (+6).
   It affects your dexterity (+3).
Magical Staves
 E - an uncursed staff of power (weapon)
Jewellery
 l - a ring of protection from magic (left hand)
 q - an amulet of magic regeneration (around neck)
 v - a ring of wizardry (right hand)
 B - a +6 ring of intelligence {unknown}
 O - an uncursed amulet of rage {unknown}
Wands
 j - a wand of flame (18/48)
 k - a wand of disintegration (15/24)
 o - a wand of flame (14/48)
 s - a wand of digging (15/24)
 F - a wand of lightning (3/15)
Scrolls
 f - 2 scrolls of magic mapping {unknown}
 g - a scroll of fear {unknown}
 i - a scroll of blinking {unknown}
 p - 2 scrolls of enchant armour {unknown}
 u - 7 scrolls of identify {unknown}
 w - 3 scrolls of amnesia {unknown}
 y - 4 scrolls of teleportation {unknown}
 L - a scroll of noise {unknown}
Potions
 e - a potion of might
 t - a potion of curing {unknown}
 z - a potion of ambrosia {unknown}
 C - 2 potions of magic {unknown}
 D - 2 potions of agility {unknown}
 G - a potion of resistance {unknown}
 H - a potion of haste {unknown}
 N - a potion of degeneration {unknown}
Books
 c - a book of Minor Magic

   Spells                             Type                      Level
   a - Magic Dart                     Conjuration                  1
   b - Blink                          Translocation                2
   c - Call Imp                       Summoning                    2
   d - Repel Missiles                 Charms/Air                   2
   e - Slow                           Hexes                        2
   f - Conjure Flame                  Conjuration/Fire             3
   g - Mephitic Cloud                 Conjuration/Poison/Air       3
 K - Jyofio's Guide on Boosting Transmigration
   (Sif Muna gifted it to you on level 9 of the Dungeon)

   Spells                             Type                      Level
   a - Infusion                       Charms                       1
   b - Swiftness                      Charms/Air                   2
   c - Shroud of Golubria             Charms/Translocation         2
   d - Spider Form                    Transmutation/Poison         3
   e - Irradiate                      Conjuration/Transmutation    5
   f - Yara's Violent Unravelling     Hexes/Transmutation          5
Comestibles
 d - 5 bread rations
 n - a beef jerky
 A - a fruit
 I - 10 royal jellies
 J - 4 chunks of flesh
 M - a meat ration


   Skills:
 - Level 2.1 Dodging
 - Level 2.0 Stealth
 + Level 10.3 Spellcasting
 - Level 9.0 Conjurations
   Level 1.2 Summonings
 - Level 0.7 Translocations
 - Level 11.0 Air Magic


You had 18 spell levels left.
You knew the following spells:

 Your Spells              Type           Power        Failure   Level  Hunger
a - Repel Missiles        Chrm/Air       #####.       1%          2    None
b - Blink                 Tloc           N/A          4%          2    None
e - Mephitic Cloud        Conj/Pois/Air  #####...     1%          3    None
s - Conjure Flame         Conj/Fire      ####....     1%          3    None
z - Magic Dart            Conj           ####         1%          1    None


Dungeon Overview and Level Annotations

Branches:
Dungeon (9/15)             Temple (1/1) D:4
   Lair: D:8-11         Orc: D:9-12

Altars:
Ashenzari
Cheibriados
Dithmenos
Fedhas
Gozag
Hepliaklqana
Okawaru
Qazlal
Ru
Sif Muna
Trog
Uskayaw
Vehumet
Xom
Yredelemnul
Zin
The Shining One

Shops:
D:7 *

Annotations:
D:3 Purgy


Innate Abilities, Weirdness & Mutations

You have a beak for a mouth.
You have claws for feet.
You can fly.


Message History

You open the door. The hell hound bites you.
The centaur shoots an arrow.
The arrow is repelled.
You feel less protected from missiles.
Casting: Blink
Confirm with . or Enter, or press ? or * to list all spells.
Aiming: Mephitic Cloud
Press: ? - help, Shift-Dir - straight line, p - hell hound The ball explodes into a vile cloud!
The stinking cloud engulfs the centaur.
The centaur is heavily wounded.
The stinking cloud engulfs the hell hound.
The hell hound appears unharmed.
The hell hound is lightly wounded.
The hell hound breathes flames at you. The blast of flame hits you!
* * * LOW HITPOINT WARNING * * *
The centaur is engulfed in noxious fumes.
The centaur appears confused.
The centaur shouts, "What's happening?!"
The hell hound bites you!
You die...

######'#### #.## ###....#
#..# #...#### ##.#
###'####### ######'#####
#.........#### #..........#
'.........'(.#####..........#
#.........##...c##..........#
#..<......#####h§#..........#
#.........# ##@'..........#
###'####### ###..........#
#...### #..........# ###...#
#####'###### ###.### ##...#
#...# ###..### ###.# #...##
#########'#### ##.######
............)###.........


You could see a hell hound and a centaur (confused).

Vanquished Creatures
  The ghost of Avanven the Ruffian, an amateur TrMo (D:5)
  The ghost of Soeti the Chopper, an amateur DsFi (D:7)
  Grinder (D:4)
  A hippogriff (D:7)
  Sigmund (D:4)
  Eustachio (D:5)
  Duvessa (D:5)
  3 water moccasins
  3 orc warriors
  An ice beast (D:5)
  2 sky beasts
  A black bear (D:8)
  4 centaurs
  3 ogres
  A crocodile (D:7)
  2 big kobolds
  2 bullfrogs (D:8)
  Dowan (D:5)
  A scorpion (D:6)
  6 killer bees (D:8)
  3 howler monkeys (D:8)
  5 wights (D:9)
  4 crimson imps (D:5)
  2 bullfrog skeletons (D:8)
  2 bullfrog zombies (D:5)
  2 centaur skeletons
  5 hounds
  A gnoll shaman (D:4)
  4 orc priests
  5 jellies
  8 orc wizards
  An iguana (D:9)
  7 worker ants
  A killer bee zombie (D:5)
  2 hound zombies
  A hound skeleton (D:4)
  Robin (D:4)
  A howler monkey zombie (D:9)
  9 gnolls
  4 adders
  2 shadow imps (D:6)
  5 oozes (D:8)
  An adder zombie (D:8)
  2 adder skeletons (D:8)
  2 worms (D:3)
  2 dart slugs
  4 leopard geckos
  32 orcs
  A ball python (D:5)
  4 giant cockroaches
  10 goblins
  3 hobgoblins (D:3)
  6 jackals
  14 kobolds
  2 quokkas
  A ball python skeleton (D:4)
  2 bats
  3 frilled lizards
  A rat (D:1)
202 creatures vanquished.

Notes
Turn   | Place    | Note
-------+----------+-------------------------------------------
     0 | D:1      | Amnesiac the Tengu Wizard began the quest for the Orb.
     0 | D:1      | Reached XP level 1. HP: 10/10 MP: 5/5
   193 | D:1      | Reached XP level 2. HP: 15/15 MP: 4/7
   197 | D:1      | Learned a level 2 spell: Repel Missiles
   200 | D:1      | Learned a level 2 spell: Blink
   414 | D:4      | Found a radiant altar of Vehumet.
   717 | D:3      | Reached XP level 3. HP: 6/19 MP: 0/8
   722 | D:3      | Learned a level 3 spell: Mephitic Cloud
   791 | D:3      | Noticed Purgy
  1331 | D:4      | Noticed Robin
  1346 | D:4      | Killed Robin
  1346 | D:4      | Reached skill level 5 in Conjurations
  1346 | D:4      | Reached XP level 4. HP: 24/24 MP: 1/9
  2103 | D:4      | Found a staircase to the Ecumenical Temple.
  2110 | D:4      | Noticed an ogre
  2117 | Temple   | Entered the Ecumenical Temple
  2122 | Temple   | Became a worshipper of Sif Muna the Loreminder
  2145 | D:4      | Noticed Grinder
  2166 | D:4      | Killed Grinder
  2166 | D:4      | Gained mutation: You can fly. [Tengu growth]
  2166 | D:4      | Reached XP level 5. HP: 12/28 MP: 7/10
  2166 | D:4      | Reached XP level 6. HP: 14/32 MP: 7/11
  2427 | D:4      | Noticed Sigmund
  2444 | D:4      | Killed Sigmund
  2444 | D:4      | Reached * piety under Sif Muna
  2444 | D:4      | Reached skill level 4 in Air Magic
  2444 | D:4      | Reached XP level 7. HP: 36/36 MP: 0/12
  2638 | D:4      | Reached skill level 5 in Air Magic
  2788 | D:4      | Reached skill level 6 in Air Magic
  3392 | D:5      | Entered Level 5 of the Dungeon
  3427 | D:5      | Found a shadowy altar of Dithmenos.
  3501 | D:5      | Noticed Avanven's ghost (amateur TrMo)
  3501 | D:5      | Reached skill level 7 in Air Magic
  3533 | D:5      | Learned a level 3 spell: Conjure Flame
  3541 | D:5      | Killed Avanven's ghost
  3541 | D:5      | Reached ** piety under Sif Muna
  3541 | D:5      | Reached skill level 8 in Air Magic
  3541 | D:5      | Reached XP level 8. HP: 31/41 MP: 2/13
  3811 | D:5      | Found a sacrificial altar of Ru.
  3811 | D:5      | Noticed Eustachio
  3825 | D:5      | Killed Eustachio
  3825 | D:5      | Reached skill level 9 in Air Magic
  3964 | D:5      | Reached skill level 10 in Air Magic
  3981 | D:5      | Found a blossoming altar of Fedhas.
  4207 | D:5      | Found a shimmering altar of Xom.
  4208 | D:5      | Found a hazy altar of Hepliaklqana.
  4208 | D:5      | Noticed a caustic shrike
  4209 | D:5      | Noticed a caustic shrike
  4209 | D:5      | Noticed a spectral ugly thing
  4277 | D:5      | Reached skill level 11 in Air Magic
  4626 | D:6      | Reached XP level 9. HP: 45/45 MP: 9/14
  4644 | D:6      | Reached *** piety under Sif Muna
  4664 | D:6      | Got a distressingly furry ring mail
  4794 | D:6      | Noticed Duvessa
  4801 | D:6      | Noticed Dowan
  4822 | D:5      | Killed Dowan
  4842 | D:5      | Killed Duvessa
  4842 | D:5      | Reached skill level 5 in Spellcasting
  5566 | D:7      | Found Mevan's General Store.
  5918 | D:7      | Noticed Soeti's ghost (amateur DsFi)
  5927 | D:7      | Killed Soeti's ghost
  6302 | D:7      | Reached **** piety under Sif Muna
  6569 | D:7      | Reached XP level 10. HP: 47/50 MP: 17/23
  7936 | D:9      | Reached ***** piety under Sif Muna
  7936 | D:9      | Identified Jyofio's Guide on Boosting Transmigration (Sif Muna gifted it to you on level 9 of the Dungeon)
  7936 | D:9      | Received a gift from Sif Muna
  7969 | D:9      | Reached skill level 10 in Spellcasting
  8115 | D:9      | Found a sacrificial altar of Ru.
  8324 | D:9      | Found a snail-covered altar of Cheibriados.
  8564 | D:9      | Slain by a hell hound

Vault maps used:
D:1:      tarquinn_simple_flora_water_d
D:2:      chequers_temple_overflow_minitemple, makhleb_blood_cavern_becter,
          lemuel_doored_altar
D:3:      lemuel_round_altar, minmay_misc_feat_hallway,
          small_statue_intersection, cheibrodos_gnoll_hut, uniq_purgy,
          uniq_terence
D:4:      vehumet_altar_wand_db, first_bread, uniq_sigmund, uniq_grinder,
          uniq_robin
D:5:      regret_index_temple_of_mockery, grunt_dithmenos_smoke,
          kennysheep_little_box, basic_altar, uniq_eustachio
D:6:      st_stairs_3, moated_statue, uniq_duvessa
D:7:      serial_shops, shop
D:8:      hangedman_little_slice_of_home
D:9:      cheibriados_altar_1, minmay_lair_entry_lava,
          nicolae_ru_sacrificial_ziggurat
Temple:   minmay_freezing_vapour_temple

Skill      XL: |  1  2  3  4  5  6  7  8  9 10 |
---------------+-------------------------------+-----
Conjurations   | 2 3 5 8 9 |  9.0
Air Magic      | 4 8 11 | 11.0
Spellcasting   | 8 10 | 10.3
Dodging        | |  2.1
Stealth        | |  2.0
Summonings     | |  1.2
Translocations | |  0.7

Action                   |  1- 3 |  4- 6 |  7- 9 | 10-12 || total
-------------------------+-------+-------+-------+-------++-------
Melee: Unarmed           |    19 |    14 |       |       ||    33
       Peck              |     3 |       |     2 |     6 ||    11
       Kick              |     4 |     2 |     6 |     4 ||    16
       Halberd           |       |       |    44 |    32 ||    76
       Staff             |       |       |       |    11 ||    11
 Cast: Magic Dart        |    69 |    38 |   293 |   222 ||   622
       Repel Missiles    |     1 |       |     1 |     1 ||     3
       Mephitic Cloud    |       |     2 |    26 |    23 ||    51
       Conjure Flame     |       |       |    14 |    12 ||    26
       Blink             |       |       |     6 |     6 ||    12
Invok: Divine Energy     |       |       |     1 |       ||     1
  Use: Potion            |       |     2 |     1 |       ||     3
 Stab: Sleeping          |       |       |     1 |       ||     1
       Confused          |       |       |     2 |     2 ||     4
  Eat: Chunk             |     1 |     3 |    15 |     7 ||    26
Armor: Robe              |     1 |     3 |    29 |    17 ||    50
       Skin              |       |     5 |       |       ||     5
Dodge: Dodged            |    22 |    20 |    89 |    79 ||   210
       Deflected         |     1 |       |     6 |     4 ||    11
